 Dungeon Crawl Stone Soup version 0.28.0-53-g5a82cb258f (webtiles) character file.

Game seed: 1311166974362605933

65 tizbic2 the Ruffian (level 3, 0/29 HPs)
             Began as a Draconian Transmuter on Aug 7, 2022.
             Was a Plaything of Xom.
             Slain by a hobgoblin (3 damage)
             ... led by Robin
             ... on level 2 of the Dungeon.
             The game lasted 00:06:44 (1626 turns).

tizbic2 the Ruffian (Draconian Transmuter)          Turns: 1626, Time: 00:06:46

Health: 0/29       AC:  5    Str: 12    XL:     3   Next: 94%
Magic:  5/6        EV: 11    Int: 15    God:    Xom [....*.]
Gold:   43         SH:  5    Dex: 11    Spells: 2/6 levels left

rFire   . . .      SeeInvis .     - Unarmed
rCold   . . .      Faith    .   e - +2 buckler
rNeg    . . .      Spirit   .   (armour unavailable)
rPois   .          Reflect  .   (helmet restricted)
rElec   .          Harm     .   (no cloak)
rCorr   .          Rampage  .   (no gloves)
Will    .....                   (no boots)
Stlth   +.........              (no amulet)
HPRegen 0.09/turn               (no ring)
MPRegen 0.10/turn               (no ring)

@: no status effects
A: AC +5, unfitting armour, cold-blooded, low MP 1, subdued magic 1
a: Renounce Religion


You were on level 2 of the Dungeon.
You worshipped Xom.
You were a beloved toy of Xom.
You visited 1 branch of the dungeon, and saw 2 of its levels.

You collected 43 gold pieces.

Inventory:

Hand Weapons
 a - a +0 dagger
Missiles
 c - 3 silver javelins
Armour
 e - a +2 buckler (worn)
Wands
 f - a wand of mindburst (10)
Scrolls
 b - 2 scrolls of enchant armour
 d - a scroll of identify
Potions
 g - a potion of magic {unknown}


   Skills:
 + Level 2.0 Fighting
 - Level 1.7 Dodging
 * Level 3.8 Unarmed Combat
 + Level 2.4 Spellcasting
 + Level 2.5 Transmutations


You had 2 spell levels left.
You knew the following spells:

 Your Spells              Type           Power      Damage    Failure   Level
a - Beastly Appendage     Tmut           14%        N/A       9%          1
b - Spider Form           Tmut/Pois      4%         N/A       41%         3

Your spell library contained the following spells:

 Spells                   Type           Power      Damage    Failure   Level
 Wereblood                Tmut           7%         N/A       13%         2
 Ice Form                 Ice/Tmut       4%         N/A       83%         4


Dungeon Overview and Level Annotations

Branches:
Dungeon (2/15)

Altars:
Xom

Annotations:
D:2 Robin


Innate Abilities, Weirdness & Mutations

Your plain brown scales are hard. (AC +5)
You cannot fit into any form of body armour.
You are cold-blooded and may be slowed by cold attacks.
Your magical capacity is low. (-10% MP)
Your spells are a little easier to cast, but a little less powerful.


Message History

Your horns disappear.
Your talons disappear.
You turn into a venomous arachnid creature.
Your +2 buckler melds into your body.
Something closely misses you.
You barely miss something. Something completely misses you.
You barely miss something. Something barely misses you.
You completely miss something. Something barely misses you.
You barely miss something. Something barely misses you.
You barely miss something.
Your transformation is almost over.
Something hits you.
* * * LOW HITPOINT WARNING * * *
You miss something. Something hits you but does no damage.
You closely miss something. You bite something!
Reactivating autopickup.
You feel a bit more experienced.
Things that are here:
a +0 club; a goblin corpse You start resting.
Your transformation has ended.
Your +2 buckler unmelds from your body.
There is a strange disturbance nearby!
f - a wand of mindburst (11)
A kobold comes into view. It is wielding a +0 dagger.
g - a ruby potion The kobold shouts!
Something hits you.
* * * LOW HITPOINT WARNING * * *
Deactivating autopickup; reactivate with Ctrl-A.
Attack: -) Nothing wielded
Press: ? - help, Dir - move target, f - you
Okay, then.
Aiming: Mindburst
Press: ? - help, Shift-Dir - straight line, f - kobold
Aim: a kobold, wielding a +0 dagger and quivering stones (chance to affect: 79%)
The kobold's mind is blasted!
You blow up the kobold!
Something hits you.
You die... "It was about time."

..#.####.############
....# #.............
#...####....)........
............#......##
.[........#.#.###..###
..........#.#.###....
.##.#####.#.#...#$.## .#
.#.....#.###.#[.# .#
.............@..##
.####.#...#.###.:...#
.#......#.#.###$....#
......#.#.#.#......)####
......#.#.#.#...........
......#.#.#.####.........
.##.#†#.#.#.........<....
....#...#...####.........
.........................


There were no monsters in sight!

Vanquished Creatures
  A gnoll (D:1)
  2 adders (D:2)
  An adder skeleton (D:2)
  A worm (D:2)
  2 dart slugs
  3 endoplasms
  3 giant cockroaches (D:1)
  4 goblins
  3 hobgoblins
  3 kobolds
  2 ball pythons (D:1)
  A bat (D:1)
  3 frilled lizards (D:1)
  A rat (D:1)
30 creatures vanquished.

Notes
Turn   | Place    | Note
-------+----------+-------------------------------------------
     0 | D:1      | tizbic2 the Draconian Transmuter began the quest for the
                  | Orb.
     0 | D:1      | Reached XP level 1. HP: 16/16 MP: 3/3
   342 | D:1      | Reached XP level 2. HP: 19/23 MP: 1/5
   628 | D:1      | Reached XP level 3. HP: 18/29 MP: 4/6
   751 | D:1      | Learned a level 3 spell: Spider Form
   869 | D:1      | Found a faded altar of an unknown god.
   876 | D:1      | Prayed at the altar of an unknown god.
   876 | D:1      | Became a worshipper of Xom the Psychotic
   988 | D:1      | XOM: divination: magic mapping
  1018 | D:1      | XOM: silly message
  1165 | D:1      | XOM: give mutations
  1165 | D:1      | Gained mutation: Your magical capacity is low. (-10% MP)
                  | [Xom's mischief]
  1165 | D:1      | Gained mutation: Your spells are a little easier to cast,
                  | but a little less powerful. [Xom's mischief]
  1229 | D:2      | XOM: draining
  1291 | D:2      | XOM: divination: detect items
  1463 | D:2      | XOM is BORED!
  1483 | D:2      | XOM: cloud trail
  1492 | D:2      | Noticed Robin
  1498 | D:2      | XOM: cleaving
  1499 | D:2      | XOM: 2-stop teleportation journey
  1626 | D:2      | Slain by a hobgoblin

Illustrated notes

Levels and vault maps discovered:
D:1:      dpeg_arrival_line_fractal, layout_loops_ring, serial_glass,
          glass_columns_a, glass_columns_a, due_unseen_surprise,
          minmay_strange_pillars, shapermc_ecumenical_altar_mp_ritualfount,
          chequers_serial_rivers_large_b, nicolae_figureground_sparkle
D:2:      layout_basic, uniq_robin

Skill      XL: |  1  2  3 |
---------------+----------+-----
Fighting       | 2 |  2.0
Dodging        | |  1.7
Unarmed Combat | |  3.8
Spellcasting   | |  2.4
Transmutations | |  2.5

Action                   || total
-------------------------++-------
Melee: Dagger            ||    60
       Unarmed           ||    43
       Kick              ||    14
       Headbutt          ||     7
       Tailslap          ||     3
 Cast: Beastly Appendage ||    18
       Spider Form       ||     2
Evoke: Wand              ||     1
  Use: Scroll            ||     2
 Stab: Sleeping          ||     1
Armor: Skin              ||    17
Dodge: Dodged            ||    53
Block: Buckler           ||     7
